 Dungeon Crawl Stone Soup version 0.26.0-45-g9c1d065592 (webtiles) character file.

Game seed: 5270681282303976879

141 H0rd4k the Insei (level 5, -1/33 HPs)
             Began as an Octopode Transmuter on Jan 28, 2021.
             Slain by an ice beast (4 damage)
             ... on level 4 of the Dungeon.
             The game lasted 00:03:13 (3974 turns).

H0rd4k the Insei (Octopode Transmuter)              Turns: 3974, Time: 00:03:14

Health: -1/33      AC:  1    Str:  9    XL:     5   Next: 24%
Magic:  8/8        EV: 14    Int: 16    God:
Gold:   118        SH:  0    Dex: 13    Spells: 4/8 levels left

rFire    . . .     SeeInvis .     - Unarmed
rCold    + . .     Faith    .   (no shield)
rNeg     . . .     Spirit   .   (helmet restricted)
rPois    .         Reflect  .   (no amulet)
rElec    .         Harm     .   a - ring of protection from cold
rCorr    .         Rampage  .   (no ring)
Will     .....                  (no ring)
Stlth    +++.......             (no ring)
HPRegen  0.11/turn              (no ring)
MPRegen  0.11/turn              (no ring)
                                (no ring)
                                (no ring)

@: about to teleport
A: almost no armour, stealthy swim, amphibious, 8 rings, constrict 8, camouflage
1, gelatinous body 1
a: no special abilities


You were on level 4 of the Dungeon.
You visited 1 branch of the dungeon, and saw 4 of its levels.

You collected 118 gold pieces.

Inventory:

Hand Weapons
 j - a +2 dagger of venom
Missiles
 i - 36 poisoned darts (quivered)
Jewellery
 a - a ring of protection from cold (left tentacle)
 n - an uncursed ring of see invisible
Scrolls
 b - a scroll of teleportation
 e - 2 scrolls of identify
 f - 2 scrolls of fear {unknown}
 h - a scroll of noise
 m - a scroll of magic mapping {unknown}
Potions
 c - a potion of cancellation {unknown}
 d - 2 potions of flight {unknown}
 g - a potion of berserk rage {unknown}
 k - 2 potions of magic {unknown}
 l - a potion of curing {unknown}
 o - 2 potions of brilliance {unknown}
 p - a potion of invisibility {unknown}


   Skills:
 + Level 1.0 Fighting
 + Level 0.1 Throwing
 + Level 2.6 Dodging
 + Level 3.4 Stealth
 + Level 4.5 Unarmed Combat
 + Level 2.1 Spellcasting
 + Level 2.2 Transmutations


You had 4 spell levels left.
You knew the following spells:

 Your Spells              Type           Power        Failure   Level
a - Beastly Appendage     Tmut           16%          9%          1
b - Spider Form           Tmut/Pois      2%           36%         3

Your spell library contained the following spells:

 Spells                   Type           Power        Failure   Level
 Wereblood                Tmut           8%           12%         2
 Ice Form                 Ice/Tmut       5%           78%         4
 Blade Hands              Tmut           4%           92%         5


Dungeon Overview and Level Annotations

Branches:
Dungeon (4/15)
 Temple: D:4-7

Altars:
Makhleb
Vehumet
Xom
Yredelemnul

Annotations:
D:2 1 runed translucent door, Crazy Yiuf, Robin


Innate Abilities, Weirdness & Mutations

You cannot wear most types of armour.
You are very stealthy in the water. (Stealth+)
You are amphibious.
You can wear up to eight rings at the same time.
You can use your tentacles to constrict eight enemies at once.
Your skin changes colour to match your surroundings (Stealth+).
Your rubbery body absorbs attacks. (AC +1, EV +1)


Message History

As you read the scroll labelled MEAXUAZIUT, it crumbles to dust.
It is a scroll of identify.
h - a scroll of noise The orc shouts! x2
The ice beast hits you. The ice beast freezes you. You resist.
The orc priest shouts!
Throw: 36 darts (poison)
Press: ? - help, Q - select action, (/) - cycle Shift-Dir - straight line, f - ice beast
Aim: an ice beast (56% to hit)
Okay, then.
Unknown command.
You aren't carrying any items that you can evoke.
As you read the scroll labelled JELURO TULU, it crumbles to dust.
You feel strangely unstable.
It was a scroll of teleportation.
The teleport trap disappears.
The orc disappears!
The ice beast hits you.
* * * LOW HITPOINT WARNING * * *
The ice beast freezes you. You resist.
* * * LOW HITPOINT WARNING * * *
The ice beast hits you.
You die...

. #⌠ ### ..≈ #.#
...# #<#
#.._.♣####.#
._..#§⌠.##.######
..#...#@Y.......#
#.^#o
####.####..# ^#..
#.# #⌠# #.# # #.#
..# ###


You could see an ice beast.

Vanquished Creatures
  Jessica (D:3)
  2 adders
  2 worms
  5 dart slugs
  3 leopard geckos
  8 orcs (D:3)
  2 giant cockroaches (D:1)
  8 goblins
  10 hobgoblins
  3 jackals (D:1)
  7 kobolds
  A quokka (D:2)
  2 ball pythons
  6 bats
  4 frilled lizards
  7 rats
71 creatures vanquished.

Vanquished Creatures (others)
  12 plants (D:3)
12 creatures vanquished.

Grand Total: 83 creatures vanquished

Notes
Turn   | Place    | Note
-------+----------+-------------------------------------------
     0 | D:1      | H0rd4k the Octopode Transmuter began the quest for the Orb.
     0 | D:1      | Reached XP level 1. HP: 13/13 MP: 3/3
    84 | D:1      | Reached XP level 2. HP: 18/18 MP: 5/5
   692 | D:1      | Reached XP level 3. HP: 23/23 MP: 6/6
   835 | D:1      | Reached skill level 1 in Stealth
  1865 | D:2      | Reached skill level 4 in Unarmed Combat
  1865 | D:2      | Reached XP level 4. HP: 19/28 MP: 5/7
  2382 | D:2      | Found a runed translucent door.
  2383 | D:2      | Noticed Crazy Yiuf
  2607 | D:2      | Noticed Robin
  2816 | D:3      | Learned a level 3 spell: Spider Form
  2844 | D:3      | Noticed Jessica
  2851 | D:3      | Killed Jessica
  3237 | D:3      | Reached XP level 5. HP: 33/33 MP: 8/8
  3780 | D:3      | Found a radiant altar of Vehumet.
  3792 | D:3      | Found a burning altar of Makhleb.
  3796 | D:3      | Found a basalt altar of Yredelemnul.
  3892 | D:3      | Noticed an ice beast
  3969 | D:4      | Found a shimmering altar of Xom.
  3970 | D:4      | Found a shimmering altar of Xom.
  3974 | D:4      | Slain by an ice beast

Illustrated notes

Levels and vault maps discovered:
D:1:      dpeg_arrival_pits, layout_basic, skrybe_limestone_x,
          serial_park_tiny_2, chequers_serial_rivers_large_b
D:2:      minmay_chambers_of_ones, layout_basic, uniq_crazy_yiuf_cottage,
          uniq_robin
D:3:      cheibrodos_old_hovel, layout_basic, minmay_overflow_temple_star_quad,
          chequers_ecumenical_altar_lobes, uniq_jessica
D:4:      layout_basic, marbit_many_paths, nicolae_tso_swordbearing_angel,
          minmay_temple_entry_from_below_b, xom_redecorated

Skill      XL: |  1  2  3  4 |
---------------+-------------+-----
Stealth        | 1 3 |  3.4
Unarmed Combat | 4 |  4.5
Fighting       | |  1.0
Throwing       | |  0.1
Dodging        | |  2.6
Spellcasting   | |  2.1
Transmutations | |  2.2

Action                   |  1- 3 |  4- 6 || total
-------------------------+-------+-------++-------
Melee: Unarmed           |    88 |    69 ||   157
       Constrict         |    24 |    18 ||    42
       Tentacles         |    13 |     7 ||    20
       Kick              |       |     6 ||     6
       Punch             |       |     1 ||     1
Throw: Dart              |     3 |       ||     3
 Cast: Beastly Appendage |     1 |     2 ||     3
  Use: Scroll            |       |     2 ||     2
 Stab: Sleeping          |    10 |     9 ||    19
       Distracted        |       |     1 ||     1
Armor: Skin              |     9 |     4 ||    13
Dodge: Dodged            |    49 |    33 ||    82
